 Dungeon Crawl Stone Soup version 0.27-a0-828-g8289197e94 (webtiles) character file.

Game seed: 12886259404866395850

2466 funkygono the Thaumaturge (level 9, -26/58 HPs)
             Began as a Djinni Fire Elementalist on Mar 30, 2021.
             Was a Follower of Cheibriados.
             Annihilated by a boulder beetle (46 damage)
             ... on level 7 of the Dungeon.
             The game lasted 00:17:40 (8733 turns).

funkygono the Thaumaturge (DjFE)                    Turns: 8733, Time: 00:17:40

Health: -26/58     AC:  8    Str:  9    XL:     9   Next: 51%
Gold:   472        EV: 14    Int: 29    God:    Cheibriados [*.....] SH:  6 Dex: 15

rFire    + + .     SeeInvis .   j - +0 falchion
rCold    x . .     Faith    +   n - +1 buckler {AC+3}
rNeg     + . .     Spirit   .   a - +0 robe
rPois    ∞         Reflect  .   s - +0 helmet
rElec    .         Harm     .   r - +0 cloak
rCorr    .         Rampage  .   d - +0 pair of gloves
Will     .....                  (boots unavailable)
Stlth    ++........             t - amulet of faith
HPRegen  0.19/turn              e - ring of positive energy
MPRegen  0.00/turn              v - +6 ring of intelligence

@: flying, very slow
A: fire resistance 2, cold vulnerability 1, float, innate caster, hp casting,
extra vitality 1
a: Renounce Religion, Bend Time


You were on level 7 of the Dungeon.
You worshipped Cheibriados.
Cheibriados was aware of your devotion.
You visited 2 branches of the dungeon, and saw 8 of its levels.

You collected 472 gold pieces.

Inventory:

Hand Weapons
 j - a +0 falchion (weapon)
 o - a +1 dagger of venom
 q - a +4 quarterstaff of chaos
Armour
 a - a +0 robe (worn)
 c - a +2 ring mail of fire resistance
 d - a +0 pair of gloves (worn)
 n - a +1 buckler of protection (worn)
 r - a +0 cloak (worn)
 s - a +0 helmet (worn)
 z - a scarf of repulsion
Jewellery
 e - a ring of positive energy (left hand)
 t - an amulet of faith (around neck)
 v - a +6 ring of intelligence (right hand)
Wands
 u - a wand of digging (7)
 y - a wand of mindburst (13)
Scrolls
 b - 2 scrolls of silence
 x - a scroll of holy word
 A - 2 scrolls of teleportation
Potions
 f - a potion of might
 g - 4 potions of curing
 h - 3 potions of brilliance
 i - a potion of heal wounds
 k - a potion of degeneration {unknown}
 l - 2 potions of cancellation {unknown}
 p - a potion of ambrosia {unknown}
 w - a potion of mutation {unknown}
 B - a potion of resistance {unknown}


   Skills:
 + Level 2.1 Fighting
 + Level 2.1 Long Blades
 * Level 4.6 Dodging
 - Level 1.5 Stealth
 * Level 3.5 Shields
 * Level 9.4 Spellcasting


You had one spell level left.
You knew the following spells:

 Your Spells              Type           Power      Damage    Failure   Level
a - Foxfire               Conj/Fire      100%       2x1d9     1%          1
b - Conjure Flame         Conj/Fire      62%        6-21      1%          3
c - Inner Flame           Hex/Fire       62%        N/A       1%          3
d - Sticky Flame          Conj/Fire      62%        2d8       1%          4
e - Fireball              Conj/Fire      31%        3d13      2%          5
f - Magic Dart            Conj           100%       1d8       1%          1
g - Wereblood             Tmut           62%        N/A       1%          2
h - Blink                 Tloc           N/A        N/A       1%          2
i - Fulminant Prism       Conj/Hex       31%        3d16      1%          4
Your spell library was empty.

Dungeon Overview and Level Annotations

Branches:
Dungeon (7/15)             Temple (1/1) D:7

Altars:
Ashenzari
Cheibriados
Elyvilon
Fedhas
Gozag
Hepliaklqana
Kikubaaqudgha
Makhleb
Nemelex Xobeh
Okawaru
Qazlal
Ru
Trog
Uskayaw
Vehumet
Xom
Yredelemnul
Zin
The Shining One

Shops:
D:5 ?   D:7 [

Annotations:
D:5 3 runed translucent doors, Charly's ghost, weakling DjDe; diceflayer's ghost, novice FoFi


Innate Abilities, Weirdness & Mutations

You are immune to poison.
Your flesh is very heat resistant. (rF++)
You are vulnerable to cold. (rC-)
You float through the air rather than walking.
You learn spells naturally, not from books.
Your magical power is your life essence.
You have superior vitality. (+4 HP)


Message History

Casting: Foxfire (safe; 1% risk of failure)
Confirm with . or Enter, or press ? or * to list all spells.
You conjure some foxfire!
The boulder beetle burns!
The boulder beetle bites you but does no damage.
The boulder beetle burns! x2
The foxfire hits the boulder beetle but does no damage.
The boulder beetle is heavily wounded.
The foxfire hits the boulder beetle but does no damage.
The boulder beetle is heavily wounded.
The boulder beetle leaps!
The boulder beetle curls into a ball and begins rolling!
Casting: Foxfire (safe; 1% risk of failure)
Confirm with . or Enter, or press ? or * to list all spells.
You conjure some foxfire!
The boulder beetle burns!
The foxfire hits the boulder beetle but does no damage.
The boulder beetle is severely wounded.
Casting: Foxfire (safe; 1% risk of failure)
Confirm with . or Enter, or press ? or * to list all spells.
Aiming: Sticky Flame (dangerous; 1% risk of failure)
Press: ? - help, Shift-Dir - straight line, f/p - boulder beetle
Aim: a boulder beetle (sparse dust, severely wounded, covered in liquid flames, ally target, 0% to evade)
The sticky flame hits the boulder beetle.
The boulder beetle is severely wounded.
The boulder beetle is covered in liquid flames!
The boulder beetle burns!
The foxfire hits the boulder beetle but does no damage.
The boulder beetle is severely wounded.
The boulder beetle burns!
The boulder beetle hits you but does no damage.
The boulder beetle stops rolling and uncurls.
The boulder beetle burns!
The boulder beetle closely misses you. The boulder beetle bites you!!
The boulder beetle burns! x2
The boulder beetle curls into a ball and begins rolling!
Casting: Sticky Flame (dangerous; 1% risk of failure)
Confirm with . or Enter, or press ? or * to list all spells.
You conjure some foxfire!
The boulder beetle burns!
The boulder beetle hits you!!!
Ouch! That really hurt!
You die...

..###.#.).....^.#..^#####.####
###...#####.^.....### ##.##>##
..####..#.....^.########......###
#.#.####.....)#####..............
#...# ##.^#### #.#.####......###
##.## ###^###.# #.#.# ##.##.##
##.####.÷## #.###.#.# ##..####
..##.÷.#### #.##..#.###...####
.###.####.###..B@v......>....#
.##.##...#....○..v.....).:##.#
.....####.#####...#.########.#
.#.### #.####.###...## #.# ##.#
#......##.....######.# ##.####
######.###...###..[#.#### ##....#
##....>.....†....... #####.#
##....####...#.#### # #.# ###..#
#####.#


You could see a boulder beetle (burning, ally target).

Vanquished Creatures
  2 water moccasins (D:7)
  2 sky beasts (D:6)
  A hornet zombie (D:7)
  A centaur (D:7)
  An ogre (D:5)
  2 necrophages
  A bullfrog (D:7)
  6 scorpions
  A wyvern skeleton (D:7)
  5 killer bees (D:6)
  A bullfrog zombie (D:7)
  A jelly (D:4)
  2 centaur zombies
  3 hounds
  3 centaur skeletons
  An orc priest (D:6)
  Crazy Yiuf (D:2)
  Terence (D:2)
  6 iguanas
  3 orc wizards
  Natasha (thrice) (D:2)
  A killer bee zombie (D:6)
  6 gnolls
  9 adders
  An ufetubus (D:6)
  An adder skeleton (D:4)
  2 worms
  A dart slug (D:1)
  10 orcs
  6 endoplasms
  5 giant cockroaches
  11 goblins
  5 hobgoblins
  18 jackals
  2 quokkas
  5 ball pythons
  8 bats
  3 frilled lizards
  10 kobolds
  4 rats
155 creatures vanquished.

Vanquished Creatures (others)
  522 foxfires
  13 fungi (D:7)
535 creatures vanquished.

Grand Total: 690 creatures vanquished

Notes
Turn   | Place    | Note
-------+----------+-------------------------------------------
     0 | D:1      | funkygono the Djinni Fire Elementalist began the quest for
                  | the Orb.
     0 | D:1      | Reached XP level 1. HP: 15/15 MP: 0/0
   122 | D:1      | Reached skill level 3 in Spellcasting
   124 | D:1      | Reached XP level 2. HP: 14/21 MP: 0/0
   720 | D:1      | Reached XP level 3. HP: 24/25 MP: 0/0
   720 | D:1      | Learned a level 1 spell: Magic Dart
   999 | D:2      | You are sucked into a shaft and drop 2 floors!
  1387 | D:2      | Reached skill level 4 in Spellcasting
  1394 | D:3      | Reached XP level 4. HP: 9/31 MP: 0/0
  1661 | D:2      | Noticed Natasha
  1668 | D:2      | Killed Natasha
  1686 | D:2      | Noticed Terence
  1692 | D:2      | Killed Terence
  1905 | D:2      | Noticed Natasha
  1909 | D:2      | Killed Natasha
  1910 | D:2      | Reached XP level 5. HP: 32/35 MP: 0/0
  1910 | D:2      | Learned a level 2 spell: Wereblood
  2150 | D:2      | Noticed Natasha
  2156 | D:2      | Killed Natasha
  2157 | D:2      | Reached skill level 5 in Spellcasting
  2406 | D:2      | Found a runed translucent door.
  2407 | D:2      | Noticed Crazy Yiuf
  2422 | D:2      | Killed Crazy Yiuf
  2706 | D:2      | Found a stormy altar of Qazlal.
  3193 | D:3      | Reached skill level 1 in Fighting
  3193 | D:3      | Reached XP level 6. HP: 36/42 MP: 0/0
  3715 | D:3      | Found a faded altar of an unknown god.
  3864 | D:3      | Found a glowing silver altar of Zin.
  3996 | D:3      | Found a bloodstained altar of Trog.
  4611 | D:4      | Identified a scroll of acquirement
  4611 | D:4      | Acquired a +1 buckler of protection
  4638 | D:5      | Entered Level 5 of the Dungeon
  4638 | D:5      | Found Peczutza's Magic Scroll Boutique.
  4826 | D:5      | Reached skill level 6 in Spellcasting
  4826 | D:5      | Reached XP level 7. HP: 42/47 MP: 0/0
  4826 | D:5      | Learned a level 2 spell: Blink
  5028 | D:5      | Reached skill level 1 in Shields
  5161 | D:5      | Reached skill level 1 in Long Blades
  5467 | D:5      | Reached skill level 7 in Spellcasting
  5657 | D:5      | Found a runed translucent gate.
  5659 | D:5      | Found a runed translucent gate.
  5659 | D:5      | Found a runed translucent gate.
  5667 | D:5      | Reached XP level 8. HP: 43/52 MP: 0/0
  5721 | D:5      | Noticed Charly's ghost (weakling DjDe)
  5721 | D:5      | Noticed diceflayer's ghost (novice FoFi)
  6434 | D:6      | Found a sacrificial altar of Ru.
  6443 | D:6      | Reached skill level 8 in Spellcasting
  7240 | D:6      | Upgraded the game from 0.27-a0-819-g058290f16d to
                  | 0.27-a0-828-g8289197e94
  7256 | D:7      | Found Qewn's Armour Emporium.
  7258 | D:7      | Found a stormy altar of Qazlal.
  7361 | D:7      | Reached XP level 9. HP: 39/58 MP: 0/0
  7361 | D:7      | Learned a level 4 spell: Fulminant Prism
  7760 | D:7      | Reached skill level 9 in Spellcasting
  7795 | D:7      | Found a staircase to the Ecumenical Temple.
  7807 | Temple   | Entered the Ecumenical Temple
  7885 | Temple   | Became a worshipper of Cheibriados the Contemplative
  8451 | D:7      | Reached * piety under Cheibriados
  8715 | D:7      | Noticed a boulder beetle
  8733 | D:7      | Annihilated by a boulder beetle

Illustrated notes

Levels and vault maps discovered:
D:1:      amcnicky_arrival_wind_blow, layout_rooms, minmay_pentomino_x4
D:2:      minmay_chambers_of_ones, layout_basic,
          nicolae_qazlal_eye_of_the_storm, uniq_crazy_yiuf_cottage,
          uniq_natasha, uniq_terence
D:3:      layout_basic, zin_scriptorium, lemuel_round_altar,
          chequers_ecumenical_altar_simple, minmay_misc_feat_roman
D:4:      layout_loops_cross, corexii_shack
D:5:      layout_cave_pods, lemuel_doored_altar, serial_shops, shop,
          gammafunk_ghost_cemetery
D:6:      layout_rooms, nicolae_ru_sacrificial_ziggurat
D:7:      old_forge, layout_loops_ring, minmay_temple_entry_offerings,
          serial_shops, shop, amcnicky_altar_gilded
Temple:   eino_temple_lava

Skill      XL: |  1  2  3  4  5  6  7  8  9 |
---------------+----------------------------+-----
Spellcasting   | 3 4 5 6 7 8 9 |  9.4
Fighting       | 1 2 |  2.1
Shields        | 1 3 |  3.5
Dodging        | 3 4 |  4.6
Long Blades    | 1 2 |  2.1
Stealth        | |  1.5

Action                   |  1- 3 |  4- 6 |  7- 9 || total
-------------------------+-------+-------+-------++-------
Melee: Falchion          |       |    19 |    21 ||    40
 Cast: Foxfire           |    49 |    99 |   165 ||   313
       Wereblood         |       |     1 |       ||     1
       Inner Flame       |       |       |     1 ||     1
       Sticky Flame      |       |       |    17 ||    17
       Magic Dart        |       |       |     1 ||     1
  Use: Scroll            |     2 |     7 |     2 ||    11
Armor: Robe              |     8 |    10 |    43 ||    61
Dodge: Dodged            |    22 |    20 |    77 ||   119
Block: Buckler           |       |       |    19 ||    19
       Rpst.: Falchion   |       |     5 |    29 ||    34

Table legend: (Time is in decaauts)
 A = Elapsed time spent in this place.
 B = Non-inter-level travel time spent in this place.
 C = Inter-level travel time spent in this place.
 D = Time resting spent in this place.
 E = Time spent auto-exploring this place.
 F = Levels seen in this place.
 G = Mean time per level.
                   A        B        C        D        E       F      G
               +--------+--------+--------+--------+--------+-----+--------+
         Total |   8927 |   8662 |    265 |    813 |   6723 |   8 | 1115.9 |
       Dungeon |   8837 |   8583 |    254 |    813 |   6668 |   7 | 1262.4 |
        Temple |     90 |     79 |     11 |      0 |     55 |   1 |   90.0 |
               +--------+--------+--------+--------+--------+-----+--------+

Top non-repeatable levels by time:
     D:2: 1580 daAuts
     D:7: 1571 daAuts
     D:3: 1394 daAuts
     D:5: 1381 daAuts
     D:6: 1238 daAuts
     D:1: 889 daAuts
     D:4: 781 daAuts
  Temple: 90 daAuts
